 Dungeon Crawl Stone Soup version 0.16-a0-3533-gc382f62 (webtiles) character file.

43 Pikaro the Insei (level 3, -1/23 HPs)
             Began as an Octopode Transmuter on Jan 7, 2015.
             Slain by an adder (4 damage)
             ... on level 2 of the Dungeon.
             The game lasted 00:03:27 (2211 turns).

Pikaro the Insei (Octopode Transmuter)              Turns: 2211, Time: 00:03:27

Health: -1/23      AC:  1    Str:  9    XL:     3   Next: 58%
Magic:  5/6        EV: 12    Int: 16    God:
Gold:   110        SH:  0    Dex: 12    Spells: 1 memorised, 5 levels left

rFire  . . .     SeeInvis .       - Unarmed
rCold  . . .     Clarity  .     (no shield)
rNeg   . . .     SustAb   .     (helmet restricted)
rPois  .         Gourm    .     (no amulet)
rElec  .         Spirit   .     j - ring of teleport control {cTele, !d}
rCorr  .         Warding  .     (no ring)
rMut   .         Stasis   .     (no ring)
MR     .....                    (no ring)
Stlth  ++........               (no ring)
                                (no ring)
                                (no ring)
                                (no ring)

@: lethally poisoned, appendage, not resistant to hostile enchantments,
unstealthy
A: almost no armour, amphibious, 8 rings, constrict 8, tentacle spike 3,
camouflage 1, gelatinous body 1
a: End Transformation, Evoke Teleport Control


You were on level 2 of the Dungeon.
You were not hungry.
One of your tentacles had a temporary spike.
You visited 1 branch of the dungeon, and saw 2 of its levels.

You collected 110 gold pieces.

Inventory:

Missiles
 b - 71 arrows
Jewellery
 j - a ring of teleport control (left tentacle) {cTele, !d}
   (You found it on level 1 of the Dungeon)
Scrolls
 e - a scroll of noise {unknown}
 g - a scroll of blinking {unknown}
 i - a scroll of remove curse {unknown}
Potions
 f - a potion of curing {unknown}
 h - a potion of flight {unknown}
 l - a potion of mutation {unknown}
Books
 d - a book of Changes
Comestibles
 a - 2 bread rations {@e1}
 c - a royal jelly


   Skills:
 - Level 1.0 Fighting
 - Level 2.0 Dodging
 + Level 3.9 Unarmed Combat
 - Level 2.0 Spellcasting
 + Level 2.9 Transmutations


You had 5 spell levels left.
You knew the following spells:

 Your Spells              Type           Power        Failure   Level  Hunger
A - Beastly Appendage     Trmt           ##....       10%         1    #......


Dungeon Overview and Level Annotations

Branches:
Dungeon (2/15)

Altars:


Innate Abilities, Weirdness & Mutations

You cannot wear most types of armour.
You are amphibious.
You can wear up to eight rings at the same time.
You can use your tentacles to constrict many enemies at once.
Your skin changes colour to match your surroundings (Stealth).
Your rubbery body absorbs attacks (AC +1).
One of your tentacles bears a large vicious spike.


Message History

You kill the jackal!
The bat barely misses you.
The jackal bites you but does no damage.
You barely miss the jackal. You grab the jackal. You squeeze the jackal.
You kill the jackal!
The bat barely misses you. The jackal closely misses you.
You tentacle-slap the jackal but do no damage.
You grab the jackal.
You constrict the jackal, but do no damage.
The bat hits you but does no damage. The jackal barely misses you.
The jackal bites you.
You take 2 damage, and have 18/23 hp.
You tentacle-slap the jackal.
You constrict the jackal, but do no damage.
The bat hits you. The jackal barely misses you.
You take 1 damage, and have 17/23 hp.
You barely miss the bat. Your grab misses the bat.
You pierce the bat, but do no damage.
You constrict the jackal. The bat hits you but does no damage.
The jackal bites you.
You take 2 damage, and have 15/23 hp.
You miss the bat. You grab the bat. You constrict the jackal.
You kill the jackal!
You constrict the bat, but do no damage.
The bat hits you but does no damage.
The bat struggles to escape constriction. x2
You tentacle-slap the bat.
Your transformation is almost over.
You constrict the bat.
You kill the bat!
Eating a chunk of flesh {@w0}.
You continue eating. x2
MP restored: 6 You start resting.
Your tentacle spike disappears.
You start resting.
Health restored: 23 Total turns waited: 104 A quokka comes into view.
An adder comes into view.
Spoiler Alert: The adder (sleeping) is fast and can poison!
The quokka bites you.
You take 5 damage, and have 18/23 hp.
MASSIVE DAMAGE!!
Spoiler Alert: The adder (sleeping) is fast and can poison!
You tentacle-slap the quokka. Your grab misses the quokka.
The quokka closely misses you.
Spoiler Alert: The adder (sleeping) is fast and can poison!
You tentacle-slap the quokka. Your grab misses the quokka.
The quokka barely misses you.
Spoiler Alert: The adder is fast and can poison!
You closely miss the quokka. Your grab misses the quokka.
The quokka misses you.
You barely miss the quokka. You grab the quokka.
Your squeeze misses the quokka.
You constrict the quokka, but do no damage.
The quokka twitches its whiskers.
The quokka barely misses you.
Spoiler Alert: The adder is fast and can poison!
You tentacle-slap the quokka but do no damage.
You tentacle-slap the quokka.
You kill the quokka!
You tentacle-slap the adder. Your grab misses the adder.
The adder barely misses you.
You tentacle-slap the adder. Your grab misses the adder.
Your squeeze misses the adder. The adder closely misses you.
The adder completely misses you.
Spoiler Alert: The adder is fast and can poison!
You tentacle-slap the adder. Your grab misses the adder. The adder bites you.
You are poisoned.
The adder poisons you!
You take 2 damage, and have 16/23 hp.
You closely miss the adder. Your grab misses the adder.
You squeeze the adder, but do no damage.
You feel sick. The adder barely misses you.
You take 1 damage, and have 15/23 hp.
Spoiler Alert: The adder is fast and can poison!
You barely miss the adder. Your grab misses the adder.
The adder closely misses you.
You barely miss the adder. Your grab misses the adder.
You feel sick. The adder barely misses you.
You take 1 damage, and have 14/23 hp.
You barely miss the adder. Your grab misses the adder. The adder bites you.
The adder bites you.
* * * LOW HITPOINT WARNING * * *
You take 8 damage, and have 6/23 hp.
MASSIVE DAMAGE!!
Spoiler Alert: The adder is fast and can poison!
One of your tentacles grows a vicious spike.
The adder bites you.
* * * LOW HITPOINT WARNING * * *
You take 2 damage, and have 4/23 hp.
You now have 5/6 mp.
You tentacle-slap the adder. Your grab misses the adder. The adder bites you.
* * * LOW HITPOINT WARNING * * *
You take 1 damage, and have 3/23 hp.
Spoiler Alert: The adder is fast and can poison!
You miss the adder. Your grab misses the adder. Your squeeze misses the adder.
* * * LOW HITPOINT WARNING * * *
You feel sick. The adder barely misses you.
You closely miss the adder. Your grab misses the adder. The adder bites you.
You die...

... ... ### ....
..# #.. ..# #.#
##.## ..# #.#
#...# ... #.#
#...# #.####.####
#...# #.#.......#
#...#
#S#.......####†..#
#@#.##.##.......<.
#.................
###.##.##.........
#....[..###..)..
#.>.....# #.....
####.#### #.....
#.# #..... ..#
#..... #.
#######.##


You could see an adder.

Vanquished Creatures
  A worm (D:1)
  An ooze (D:1)
  A ball python (D:1)
  3 giant cockroaches
  5 goblins
  3 hobgoblins (D:1)
  6 jackals
  A quokka (D:2)
  5 bats
  A giant newt (D:1)
  2 kobolds (D:1)
  4 rats
33 creatures vanquished.

Notes
Turn   | Place    | Note
--------------------------------------------------------------
     0 | D:1      | Pikaro, the Octopode Transmuter, began the quest for the Orb.
     0 | D:1      | Reached XP level 1. HP: 13/13 MP: 3/3
    51 | D:1      | HP: 3/13 [bat (1)]
   481 | D:1      | HP: 2/13 [worm (11)]
   483 | D:1      | Reached XP level 2. HP: 2/18 MP: 2/4
  1049 | D:1      | Reached XP level 3. HP: 19/23 MP: 6/6
  2208 | D:2      | HP: 4/23 [adder (2)]
  2211 | D:2      | Slain by an adder

Action                   || total
-------------------------++-------
Melee: Unarmed           ||    83
 Cast: Beastly Appendage ||     4
 Stab: Sleeping          ||     4
  Eat: Chunk             ||     4

Vault maps used:
D:1:      dpeg_arrival_simpleton_c
D:2:      lemuel_doored_altar, first_bread

Table legend:
 A = Turns spent in this place as a percentage of turns spent in the entire game.
 B = Non-inter-level travel turns spent in this place as a percentage of non-inter-level travel turns spent in the entire game.
 C = Inter-level travel turns spent in this place as a percentage of turns spent in this place.
 D = Turns resting spent in this place as a percentage of non-inter-level travel turns spent in this place.
 E = Turns spent auto-exploring this place as a percentage of non-inter-level travel turns spent in this place.
 F = Non-inter-level travel turns spent in this place divided by the number of levels of this place that you've seen.
                   A       B       C       D       E      F
               +-------+-------+-------+-------+-------+----------------------
         Total | 100.0 | 100.0 |   0.4 |  11.4 |  10.7 | 140.0
       Dungeon | 100.0 | 100.0 |   0.4 |  11.4 |  10.7 | 140.0
               +-------+-------+-------+-------+-------+----------------------

Table legend:
 A = Kills in this place as a percentage of kills in entire the game.
 B = Kills by you in this place as a percentage of kills by you in the entire game.
 C = Kills by friends in this place as a percentage of kills by friends in the entire game.
 D = Other kills in this place as a percentage of other kills in the entire game.
 E = Experience gained in this place as a percentage of experience gained in the entire game.
 F = Experience gained in this place divided by the number of levels of this place that you have seen.
                   A       B       C       D       E      F
               +-------+-------+-------+-------+-------+----------------------
         Total | 100.0 | 100.0 |  -nan |  -nan | 100.0 |  31.0
       Dungeon | 100.0 | 100.0 |  -nan |  -nan | 100.0 |  31.0
               +-------+-------+-------+-------+-------+----------------------
